 Dungeon Crawl Stone Soup version 0.24-a0-22-g2a401c0 (webtiles) character file.

Game seed: 1313561431413947880

4555 Mgcat the Cleaver (level 10, -2/96 HPs)
             Began as an Ogre Berserker on Feb 1, 2019.
             Was a High Priest of Trog.
             Slain by Erica
             ... wielding a +1 scimitar of flaming
              (15 damage)
             ... on level 8 of the Dungeon.
             The game lasted 00:29:52 (12011 turns).

Mgcat the Cleaver (Ogre Berserker)                 Turns: 12011, Time: 00:29:52

Health: -2/96      AC:  4    Str: 32    XL:     10   Next: 40%
Magic:  10/10      EV:  7    Int:  8    God:    Trog [*****.]
Gold:   420        SH: 14    Dex: 14    Spells: 9/9 levels left

rFire    . . .     SeeInvis .   b - +11 hunting sling of Gallantry {flame, MR+ Stlth+}
rCold    . . .     Gourm    .   n - +0 large shield
rNeg     . . .     Faith    .   h - +0 animal skin
rPois    .         Spirit   .   (helmet restricted)
rElec    .         Reflect  .   g - +0 cloak
rCorr    .         Harm     .   (gloves unavailable)
MR       ++++.                  (boots unavailable)
Stlth    ++........             (no amulet)
HPRegen  1.26/turn              r - +3 ring of dexterity
MPRegen  0.12/turn              x - +4 ring of strength

@: mighty, regenerating, lightly drained
A: large, unfitting armour, tough skin 1
a: Berserk, Trog's Hand, Brothers in Arms, Renounce Religion


You were on level 8 of the Dungeon.
You worshipped Trog.
Trog was extremely pleased with you.
You were hungry.

You visited 1 branch of the dungeon, and saw 9 of its levels.
You also visited: Sewer.

You collected 420 gold pieces.

Inventory:

Hand Weapons
 b - the +11 hunting sling of Gallantry (weapon) {flame, MR+ Stlth+}
   (You found it on level 6 of the Dungeon)

   It causes projectiles fired from it to burn those they strike, causing extra
   injury to most foes and up to half again as much damage against particularly
   susceptible opponents.
   It affects your resistance to hostile enchantments.
   It makes you more stealthy.
 d - a cursed +2 hand axe
   (You took it off a wight on level 8 of the Dungeon)
 v - the +3 battleaxe "Muubb" {drain, +Blink rN+ Str+4 Stlth+}
   (You found it on level 6 of the Dungeon)

   A truly terrible weapon, it drains the life of those it strikes.
   It affects your strength (+4).
   It protects you from negative energy.
   It lets you blink.
   It makes you more stealthy.
Missiles
 f - 4 throwing nets {=f, !d}
 t - 4 large rocks {!d}
 D - 277 stones
 F - 24 sling bullets (quivered)
Armour
 g - a +0 cloak (worn)
   (You found it on level 4 of the Dungeon)
 h - a +0 animal skin (worn)
 n - a +0 large shield (worn)
   (You found it on level 6 of the Dungeon)
Jewellery
 r - a +3 ring of dexterity (left hand)
   (You found it on level 2 of the Dungeon)
 w - an uncursed ring of positive energy {rN+}
   (You found it on level 4 of the Dungeon)
 x - a +4 ring of strength (right hand)
   (You found it on level 4 of the Dungeon)
Wands
 q - a wand of random effects (12)
   (You found it on level 8 of the Dungeon)
 y - a wand of polymorph (17)
   (You found it on level 6 of the Dungeon)
 G - a wand of flame (13)
   (You found it on level 7 of the Dungeon)
Scrolls
 e - 7 scrolls of remove curse
 j - 9 scrolls of teleportation
 k - a scroll of identify
Potions
 i - 3 potions of haste {unknown}
 l - 2 potions of lignification {unknown}
 m - a potion of might
 o - 4 potions of flight
 p - 2 potions of brilliance
 u - a potion of magic {unknown}
 z - a potion of curing {unknown}
 A - a potion of ambrosia {unknown}
 B - a potion of agility {unknown}
Comestibles
 c - 8 rations


   Skills:
 - Level 5.0(4.8) Fighting
 + Level 13.1(12.8) Axes
 + Level 3.3(3.2) Slings
 - Level 5.0(4.8) Dodging


You had 9 spell levels left.
You didn't know any spells.
Your spell library was empty.

Dungeon Overview and Level Annotations

Branches:
Dungeon (9/15)             Temple (0/1) D:5
   Lair: D:8-11         Orc: D:9-12

Altars:
Fedhas
Hepliaklqana
Kikubaaqudgha
Nemelex Xobeh
Okawaru
Qazlal
Ru
Sif Muna
The Shining One

Annotations:
D:4 1 runed translucent door, Crazy Yiuf
D:8 Erica


Innate Abilities, Weirdness & Mutations

You are too large for most types of armour.
You have tough skin. (AC +1)


Message History

Okay, then.
Unknown command.
Unknown command.
Unknown command.
Unknown command.
You swing at nothing.
Something hits you!
* * * LOW HITPOINT WARNING * * *
Something burns you.
* * * LOW HITPOINT WARNING * * *
You take 6 damage, and have 20/96 hp.
Unknown command.
Unknown command.
Firing (i - inventory. (/) - cycle)
F - 30 sling bullets (quivered)
Press: ? - help, Shift-Dir - straight line, f - you Really target yourself? [Y]es or [N]o only, please.
Really target yourself? [Y]es or [N]o only, please.
Really target yourself?
Okay, then.
Unknown command.
As you read the scroll of fear, it crumbles to dust.
You assume a fearsome visage.
Unknown command.
Unknown command.
As you read the scroll of identify, it crumbles to dust.
v - the +3 battleaxe "Muubb" {drain, +Blink rN+ Str+4 Stlth+} Wield which item (- for none, * to show all)? (? for menu, Esc to quit)
Okay, then.
Unknown command.
Firing (i - inventory. (/) - cycle)
F - 30 sling bullets (quivered)
Press: ? - help, Shift-Dir - straight line You shoot a sling bullet.
You regained 2 hp, and now have 24/96 hp.
Firing (i - inventory. (/) - cycle)
F - 29 sling bullets (quivered)
Press: ? - help, Shift-Dir - straight line You shoot a sling bullet.
Something hits you.
* * * LOW HITPOINT WARNING * * *
Something burns you.
* * * LOW HITPOINT WARNING * * *
You take 5 damage, and have 19/96 hp.
Firing (i - inventory. (/) - cycle)
F - 28 sling bullets (quivered)
Press: ? - help, Shift-Dir - straight line You shoot a sling bullet.
Something hits you!
* * * LOW HITPOINT WARNING * * *
Something burns you.
* * * LOW HITPOINT WARNING * * *
You take 8 damage, and have 11/96 hp.
You feel much better. Something hits you. Something burns you.
You regained 26 hp, and now have 37/96 hp.
Firing (i - inventory. (/) - cycle)
F - 27 sling bullets (quivered)
Press: ? - help, Shift-Dir - straight line You shoot a sling bullet.
You hear some strange, mumbled words.
An orb of energy appears from out of thin air!
The orb of energy hits you!!
* * * LOW HITPOINT WARNING * * *
You take 19 damage, and have 18/96 hp.
Firing (i - inventory. (/) - cycle)
F - 26 sling bullets (quivered)
Press: ? - help, Shift-Dir - straight line, f - you Really target yourself? [Y]es or [N]o only, please.
Really target yourself? [Y]es or [N]o only, please.
Really target yourself?
Okay, then.
Unknown command.
Firing (i - inventory. (/) - cycle)
F - 26 sling bullets (quivered)
Press: ? - help, Shift-Dir - straight line You shoot a sling bullet.
Something hits you.
* * * LOW HITPOINT WARNING * * *
Something burns you.
* * * LOW HITPOINT WARNING * * *
You take 7 damage, and have 11/96 hp.
Firing (i - inventory. (/) - cycle)
F - 25 sling bullets (quivered)
Press: ? - help, Shift-Dir - straight line You shoot a sling bullet.
You feel the effects of Trog's Hand fading.
You are feeling hungry.
Something hits you.
* * * LOW HITPOINT WARNING * * *
Something burns you.
* * * LOW HITPOINT WARNING * * *
You take 2 damage, and have 9/96 hp.
Unknown command.
Unknown command.
Unknown command.
You feel very mighty all of a sudden. You block something's attack.
You regained 2 hp, and now have 11/96 hp.
Wield which item (- for none, * to show all)? (? for menu, Esc to quit)
Really wield
d - a cursed +2 hand axe?
Okay, then.
Unknown command.
Unknown command.
You closely miss something.
You hear some strange, mumbled words.
A bolt of poison appears from out of thin air!
The bolt of poison misses you. Something hits you!
You die...

############.#.##..####.###.#...#
.............#.##.......# #.....#
############.#.###.####.###.#..##
# #...# #.# ##...##.... # #.###
#.# ##...##.### # #.# #.#
##.....#.## # #.# #.#
#.........## # #.#####(#
##.......... # #(...@{(#
##<..#...## ### #.#######
##.####### ..# #.# #[# # #.# #.#
#.# # #)# #.#### #.# # #.# #....#
#.# # #.# ####.# #.# # #.# #.#
#.# ## #.# #.# #.# #.


There were no monsters in sight!

Vanquished Creatures
  A hippogriff (D:7)
  Sigmund (D:3)
  A sky beast (D:5)
  6 orc warriors
  A phantom (D:5)
  A necrophage (D:8)
  3 ogres
  6 centaurs
  A bullfrog (D:8)
  A gnoll sergeant (D:5)
  A wyvern skeleton (D:7)
  5 killer bees (D:7)
  17 wights
  A howler monkey (D:7)
  2 crimson imps
  2 bullfrog zombies
  6 orc priests
  4 jellies
  6 orc wizards
  A gnoll shaman (D:6)
  3 hounds (D:4)
  Ijyb (D:3)
  Natasha (thrice) (D:4)
  3 iguanas
  3 worker ants
  A killer bee zombie (D:7)
  A hound zombie (D:7)
  3 hound skeletons
  10 adders
  17 gnolls
  2 shadow imps
  6 oozes
  5 worms
  A dart slug (D:1)
  9 leopard geckos
  22 orcs
  3 ball pythons
  A bat zombie (D:6)
  6 giant cockroaches
  12 goblins
  10 hobgoblins
  16 jackals
  7 quokkas
  19 bats
  7 frilled lizards
  8 kobolds
  A quokka zombie (D:7)
  5 rats
  2 rat zombies (D:6)
254 creatures vanquished.

Vanquished Creatures (others)
  An adder (D:9)
1 creature vanquished.

Grand Total: 255 creatures vanquished

Notes
Turn   | Place    | Note
-------+----------+-------------------------------------------
     0 | D:1      | Mgcat the Ogre Berserker began the quest for the Orb.
     0 | D:1      | Reached XP level 1. HP: 24/24 MP: 1/1
   276 | D:1      | Reached XP level 2. HP: 32/32 MP: 2/2
   379 | D:1      | Reached skill level 3 in Dodging
   613 | D:1      | Reached XP level 3. HP: 38/40 MP: 3/3
   648 | D:1      | Reached ** piety under Trog
  1335 | D:2      | Reached XP level 4. HP: 49/49 MP: 4/4
  1579 | D:2      | Reached skill level 5 in Fighting
  2176 | D:3      | Reached skill level 4 in Axes
  2346 | D:3      | Reached XP level 5. HP: 56/57 MP: 5/5
  2416 | D:3      | Noticed Sigmund
  2427 | D:3      | Noticed Ijyb
  2435 | D:3      | Killed Sigmund
  2435 | D:3      | Reached *** piety under Trog
  2435 | D:3      | Reached skill level 5 in Axes
  2435 | D:3      | Reached skill level 4 in Dodging
  2435 | D:3      | Reached XP level 6. HP: 66/66 MP: 6/6
  2438 | D:3      | Paralysed by Ijyb for 6 turns
  2450 | D:3      | Paralysed by Ijyb for 4 turns
  2459 | D:3      | Killed Ijyb
  3020 | D:4      | Found a hazy altar of Hepliaklqana.
  3147 | D:4      | HP: 20/99 [something (9)]
  3153 | D:4      | HP: 10/99 [something (4)]
  3154 | D:4      | HP: 3/99 [something (8)]
  3155 | D:4      | Reached skill level 5 in Dodging
  3836 | D:4      | Reached skill level 6 in Axes
  3836 | D:4      | Reached XP level 7. HP: 72/72 MP: 7/7
  4152 | D:4      | Found a runed translucent door.
  4153 | D:4      | Noticed Crazy Yiuf
  4207 | D:4      | Noticed Natasha
  4224 | D:4      | Killed Natasha
  4664 | D:4      | Noticed Natasha
  4672 | D:4      | Killed Natasha
  4761 | D:5      | Entered Level 5 of the Dungeon
  4779 | D:5      | Found a sparkling altar of Nemelex Xobeh.
  4779 | D:5      | Found a deep blue altar of Sif Muna.
  4779 | D:5      | Found an iron altar of Okawaru.
  4779 | D:5      | Found a glowing golden altar of the Shining One.
  4786 | D:5      | Reached skill level 7 in Axes
  4878 | D:5      | Found a staircase to the Ecumenical Temple.
  4939 | D:5      | Reached XP level 8. HP: 80/80 MP: 8/8
  4996 | D:5      | HP: 30/120 [gnoll/+0 whip (10)]
  4997 | D:5      | Reached skill level 8 in Axes
  5281 | D:5      | Reached **** piety under Trog
  5282 | D:5      | Found a glowing drain.
  5297 | Sewer    | Entered a sewer
  6332 | D:5      | Found a stormy altar of Qazlal.
  6333 | D:5      | Noticed a water elemental
  6335 | D:5      | Noticed an air elemental
  6373 | D:5      | Reached skill level 9 in Axes
  7122 | D:6      | Reached skill level 10 in Axes
  7482 | D:6      | Reached XP level 9. HP: 37/88 MP: 9/9
  7745 | D:6      | Reached ***** piety under Trog
  8146 | D:6      | Found a sacrificial altar of Ru.
  8176 | D:6      | Reached skill level 11 in Axes
  8331 | D:6      | Got an iridescent hunting sling
  8332 | D:6      | Identified the +11 hunting sling of Gallantry {flame, MR+
                  | Stlth+} (You found it on level 6 of the Dungeon)
  8620 | D:4      | Noticed Natasha
  9044 | D:6      | Got a polished battleaxe
  9061 | D:6      | Found an ancient bone altar of Kikubaaqudgha.
  9280 | D:4      | Killed Natasha
  9418 | D:6      | Found a blossoming altar of Fedhas.
  9963 | D:7      | Reached skill level 12 in Axes
 10355 | D:7      | Reached skill level 1 in Slings
 10408 | D:7      | Reached XP level 10. HP: 96/96 MP: 10/10
 10531 | D:7      | Reached skill level 2 in Slings
 10561 | D:7      | HP: 24/96 [poisoned by an orc priest]
 10566 | D:7      | HP: 20/96 [poisoned by an orc priest]
 10572 | D:7      | HP: 18/96 [poisoned by an orc priest]
 10577 | D:7      | HP: 18/96 [poisoned by an orc priest]
 10583 | D:7      | HP: 18/96 [poisoned by an orc priest]
 11254 | D:8      | Reached skill level 3 in Slings
 11264 | D:8      | Reached skill level 13 in Axes
 11739 | D:9      | Noticed Erica
 12000 | D:8      | HP: 22/96 [something (7)]
 12002 | D:8      | Identified the +3 battleaxe "Muubb" {drain, +Blink rN+
                  | Str+4 Stlth+} (You found it on level 6 of the Dungeon)
 12005 | D:8      | HP: 14/96 [something (7)]
 12011 | D:8      | Slain by Erica

Vault maps used:
D:1:      wander_arrival_estate
D:2:      first_ration
D:3:      uniq_sigmund, uniq_ijyb
D:4:      overflow_temple_1_default, uniq_natasha, uniq_crazy_yiuf_cottage
D:5:      nicolae_qazlal_style_of_elements,
          chequers_temple_overflow_statue_of_worship, minmay_temple_entry_hall,
          portal_sewer_entry_c
D:6:      lemuel_crystal_altar, nicolae_ru_awakened_eye,
          lemuel_zombie_altar_kikubaaqudgha, grunt_ministairs_12
D:7:      lemuel_flamethrower_2
D:9:      minmay_the_grid_plus_closed, uniq_erica
Sewer:    sewer_fruit_machine

Skill      XL: |  1  2  3  4  5  6  7  8  9 10 |
---------------+-------------------------------+-----
Dodging        | 3 4 5 |  5.0
Fighting       | 5 |  5.0
Axes           | 4 5 6 7 10 12 13 | 13.1
Slings         | 1 3 |  3.3

Action                   |  1- 3 |  4- 6 |  7- 9 | 10-12 || total
-------------------------+-------+-------+-------+-------++-------
Melee: Hand axe          |    80 |   104 |   376 |    27 ||   587
       Hunting sling     |       |       |       |     1 ||     1
 Fire: Hunting sling     |    52 |    87 |    90 |    89 ||   318
       Shortbow          |       |     2 |   121 |       ||   123
Invok: Berserk           |       |     6 |     9 |     2 ||    17
       Trog's Hand       |       |       |       |     1 ||     1
  Use: Scroll            |       |    10 |     4 |     2 ||    16
       Potion            |       |       |     1 |     4 ||     5
 Stab: Distracted        |       |       |     1 |       ||     1
       Invisible         |       |       |       |     6 ||     6
  Eat: Chunk             |     1 |    10 |    13 |     7 ||    31
       Ration            |       |     1 |     5 |       ||     6
Armor: Animal skin       |    33 |    34 |    70 |     9 ||   146
Dodge: Dodged            |    54 |    79 |   231 |    13 ||   377
Block: Large shield      |       |       |    38 |    33 ||    71

Table legend:
 A = Non-vault XP
 B = Vault XP
 C = Vault XP percentage of total XP
 D = Non-vault monster count
 E = Vault monster count
 F = Vault count percentage of total count
                 A         B        C        D         E       F
            +---------+---------+-------+---------+---------+-------
      Total |    6099 |     409 |   6.3 |     216 |      38 |  15.0
            +---------+---------+-------+---------+---------+-------
        D:1 |      43 |       0 |   0.0 |      23 |       0 |   0.0
        D:2 |      84 |       0 |   0.0 |      24 |       0 |   0.0
        D:3 |      88 |     259 |  74.6 |      27 |       2 |   6.9
        D:4 |     444 |      35 |   7.3 |      14 |       1 |   6.7
        D:5 |     886 |      38 |   4.1 |      22 |       7 |  24.1
        D:6 |    1275 |       4 |   0.3 |      39 |       3 |   7.1
        D:7 |    2210 |       0 |   0.0 |      42 |       0 |   0.0
        D:8 |    1069 |       0 |   0.0 |      25 |       0 |   0.0
      Sewer |       0 |      73 | 100.0 |       0 |      25 | 100.0
            +---------+---------+-------+---------+---------+-------

Vault maps used:
D:1:      wander_arrival_estate
D:2:      first_ration
D:3:      uniq_sigmund, uniq_ijyb
D:4:      overflow_temple_1_default, uniq_natasha, uniq_crazy_yiuf_cottage
D:5:      nicolae_qazlal_style_of_elements,
          chequers_temple_overflow_statue_of_worship, minmay_temple_entry_hall,
          portal_sewer_entry_c
D:6:      lemuel_crystal_altar, nicolae_ru_awakened_eye,
          lemuel_zombie_altar_kikubaaqudgha, grunt_ministairs_12
D:7:      lemuel_flamethrower_2
D:9:      minmay_the_grid_plus_closed, uniq_erica
Sewer:    sewer_fruit_machine

Table legend:
 A = Turns spent in this place as a percentage of turns spent in the entire game.
 B = Non-inter-level travel turns spent in this place as a percentage of non-inter-level travel turns spent in the entire game.
 C = Inter-level travel turns spent in this place as a percentage of turns spent in this place.
 D = Turns resting spent in this place as a percentage of non-inter-level travel turns spent in this place.
 E = Turns spent auto-exploring this place as a percentage of non-inter-level travel turns spent in this place.
 F = Non-inter-level travel turns spent in this place divided by the number of levels of this place that you've seen.
                   A       B       C       D       E      F
               +-------+-------+-------+-------+-------+----------------------
         Total | 100.0 | 100.0 |  11.2 |  22.4 |  59.9 | 1066.0
       Dungeon |  94.8 |  94.2 |  11.9 |  23.0 |  59.8 | 1115.6
         Sewer |   5.2 |   5.8 |   0.0 |  12.9 |  61.1 | 620.0
               +-------+-------+-------+-------+-------+----------------------

Table legend:
 A = Kills in this place as a percentage of kills in entire the game.
 B = Kills by you in this place as a percentage of kills by you in the entire game.
 C = Kills by friends in this place as a percentage of kills by friends in the entire game.
 D = Other kills in this place as a percentage of other kills in the entire game.
 E = Experience gained in this place as a percentage of experience gained in the entire game.
 F = Experience gained in this place divided by the number of levels of this place that you have seen.
                   A       B       C       D       E      F
               +-------+-------+-------+-------+-------+----------------------
         Total | 100.0 | 100.0 |   N/A |   N/A | 100.0 | 650.8
       Dungeon |  90.2 |  90.2 |   N/A |   N/A |  98.9 | 715.0
         Sewer |   9.8 |   9.8 |   N/A |   N/A |   1.1 |  73.0
               +-------+-------+-------+-------+-------+----------------------
